 Dungeon Crawl Stone Soup version 0.29-a0-648-g6b26cc9f40 (webtiles) character file.

Game seed: 14339920723149876550

84 xian the Skirmisher (level 4, -5/40 HPs)
             Began as a Draconian Fighter on June 20, 2022.
             Killed by nerve-wracking pain
             ... invoked by an orc priest
              (12 damage)
             ... on level 3 of the Dungeon.
             The game lasted 00:06:24 (2601 turns).

xian the Skirmisher (Draconian Fighter)             Turns: 2601, Time: 00:06:25

Health: -5/40      AC:  6    Str: 24    XL:     4   Next: 24%
Magic:  4/4        EV: 12    Int:  8    God:
Gold:   119        SH:  4    Dex: 10    Spells: 3/3 levels left

rFire   . . .      SeeInvis +   a - +1 long sword (freeze)
rCold   . . .      Faith    .   b - +0 buckler
rNeg    . . .      Spirit   .   (body armour unavailable)
rPois   +          Reflect  .   (helmet restricted)
rElec   .          Harm     .   (no cloak)
rCorr   .          Rampage  .   e - +0 pair of gloves
Will    .....                   (no boots)
Stlth   ++........              (no amulet)
HPRegen 0.13/turn               j - +6 ring of strength
MPRegen 0.09/turn               r - ring of Koli Maffeo {rPois Str-3 SInv Stlth+}

@: no status effects
A: AC +5, unfitting armour, cold-blooded
a: no special abilities


You were on level 3 of the Dungeon.
You visited 1 branch of the dungeon, and saw 3 of its levels.

You collected 155 gold pieces.
You spent 36 gold pieces at shops.

Inventory:

Hand Weapons
 a - a +1 long sword of freezing (weapon)
Missiles
 v - 3 atropa-tipped darts (quivered)
Armour
 b - a +0 buckler (worn)
 e - a +0 pair of gloves (worn)
Jewellery
 j - a +6 ring of strength (left hand)
 r - the ring of Koli Maffeo (right hand) {rPois Str-3 SInv Stlth+}
   (You acquired it on level 3 of the Dungeon)

   [ring of see invisible]

   Str:       It affects your strength (-3).
   rPois:     It protects you from poison.
   SInv:      It lets you see invisible.
   Stlth:     It makes you more stealthy.
Scrolls
 l - a scroll of enchant weapon
 m - a scroll of magic mapping
 q - a scroll of noise
 s - 2 scrolls of identify
 t - a scroll of teleportation
 u - 2 scrolls of immolation {unknown}
Potions
 c - 2 potions of might
 d - 3 potions of haste
 f - a potion of mutation
 g - a potion of attraction {unknown}
 h - a potion of resistance {unknown}
 i - a potion of invisibility
 k - a potion of cancellation {unknown}
 n - a potion of flight {unknown}
 o - a potion of curing


   Skills:
 + Level 3.9 Fighting
 + Level 2.7 Long Blades
 + Level 0.1 Throwing
 + Level 3.3 Dodging
 + Level 0.6 Stealth
 + Level 3.4 Shields


You had 3 spell levels left.
You didn't know any spells.
Your spell library contained the following spells:

 Spells                   Type           Power      Damage    Failure   Level
 Apportation              Tloc           0%         N/A       50%         1
 Necrotize                Necr           0%         1d4       50%         1
 Summon Small Mammal      Summ           0%         N/A       50%         1


Dungeon Overview and Level Annotations

Branches:
Dungeon (3/15)

Altars:
Cheibriados
Okawaru
Trog

Shops:
D:3 *


Innate Abilities, Weirdness & Mutations

Your plain brown scales are hard. (AC +5)
You cannot fit into any form of body armour.
You are cold-blooded and may be slowed by cold attacks.


Message History

You block the orc's attack.
You throw an atropa-tipped dart. The atropa-tipped dart hits the orc.
The orc appears confused.
The orc is heavily wounded.
You hit the orc. You freeze the orc.
You kill the orc!
Items here: (( )) [ ††.
You barely miss the orc. The orc priest barely misses you.
The orc drinks a potion.
The orc goes berserk!
You slash the orc! You freeze the orc.
You kill the orc!
The orc priest hits you but does no damage.
You barely miss the orc priest.
The orc priest mumbles some strange prayers to Beogh against you.
Beogh smites you!
You barely miss the orc priest.
The orc priest hits you with a +0 short sword. x2
You barely miss the orc priest.
The orc priest looks satisfied for a moment.
You hit the orc priest but do no damage.
You block the orc priest's attack.
You closely miss the orc priest.
Your tail-slap misses the orc priest.
The orc priest begins to cast a cantrip, but forgets the words!
The orc priest casts a cantrip, but nothing happens.
You slash the orc priest! You freeze the orc priest.
The orc priest is severely wounded.
The orc priest calls down the wrath of Beogh upon you.
You barely resist.
You hit the orc priest but do no damage.
Your tail-slap misses the orc priest.
The orc priest is severely wounded.
The orc priest mumbles some strange prayers to Beogh against you.
Beogh smites you!
* * * LOW HITPOINT WARNING * * *
You barely miss the orc priest.
The orc priest is severely wounded.
The orc priest casts a cantrip, but nothing happens.
The orc priest invokes the aid of Beogh against you.
Pain shoots through your body!
You die...

...##
##........##
#..#.>#### .#..#
####.......##
##..#.####.
....##
##....#######
#.....# #..
.....###..####
##.##.## #.#
#.##..#..##
##..##.# #.#
#.#.....##
###...##.# ##.#
....#..##
###....###.###..#
...##..#
##....###
#.....## ._.....#
#@o##.# ##..####
...##..# #)###.#
##..### ....#.##
#†. ..# #.....#
#.#...# ..#####
#.###.## #.##[.#
#.## ### #..###
......# .. ##....
......# .(# ##...
##...## .. #)..
##### #...


You could see an orc priest.

Vanquished Creatures
  4 adders
  3 orcs (D:3)
  3 endoplasms
  3 giant cockroaches
  4 goblins
  4 hobgoblins
  4 kobolds (D:3)
  A quokka (D:3)
  5 ball pythons
  7 bats
  A frilled lizard (D:3)
  5 rats
44 creatures vanquished.

Notes
Turn   | Place    | Note
-------+----------+-------------------------------------------
     0 | D:1      | xian the Draconian Fighter began the quest for the Orb.
     0 | D:1      | Reached XP level 1. HP: 19/19 MP: 1/1
    31 | D:1      | Found a faded altar of an unknown god.
   374 | D:1      | Reached XP level 2. HP: 24/26 MP: 2/2
   992 | D:2      | Reached XP level 3. HP: 22/33 MP: 3/3
  1779 | D:3      | Found a bloodstained altar of Trog.
  1899 | D:3      | HP: 1/33 [poisoned by an adder]
  2160 | D:3      | Found Vetiryss's General Store.
  2165 | D:3      | Bought a scroll of noise for 12 gold pieces
  2165 | D:3      | Bought a scroll of identify for 24 gold pieces
  2185 | D:3      | Identified a scroll of acquirement
  2185 | D:3      | Acquired the ring of Koli Maffeo {rPois Str-3 SInv Stlth+}
  2206 | D:3      | Found an iron altar of Okawaru.
  2373 | D:3      | Reached XP level 4. HP: 38/40 MP: 4/4
  2412 | D:3      | Found a snail-covered altar of Cheibriados.
  2601 | D:3      | Killed from afar by an orc priest

Illustrated notes

Levels and vault maps discovered:
D:1:      eino_arrival_druids_welcome, layout_loops_cross,
          ebering_ecumenical_altar_webs, minmay_tetromino_l2
D:2:      layout_loops_ring, minmay_misc_feat_tower, st_stairs_14
D:3:      layout_rooms, bloody_trog, mainiacjoe_overflow_small_starburst,
          lemuel_round_altar, serial_shops, shop

Skill      XL: |  1  2 |
---------------+-------+-----
Dodging        | 3 |  3.3
Fighting       | |  3.9
Long Blades    | |  2.7
Throwing       | |  0.1
Stealth        | |  0.6
Shields        | |  3.4

Action                   |  1- 3 |  4- 6 || total
-------------------------+-------+-------++-------
Melee: Long sword        |    92 |    17 ||   109
       Tailslap          |     8 |       ||     8
Throw: Javelin           |       |     6 ||     6
       Dart              |       |     1 ||     1
  Use: Scroll            |    11 |       ||    11
       Potion            |     1 |       ||     1
 Stab: Sleeping          |     2 |       ||     2
Armor: Skin              |    37 |     3 ||    40
Dodge: Dodged            |    68 |     9 ||    77
Block: Buckler           |    24 |     8 ||    32

Table legend: (Time is in decaauts)
 A = Elapsed time spent in this place.
 B = Non-inter-level travel time spent in this place.
 C = Inter-level travel time spent in this place.
 D = Time resting spent in this place.
 E = Time spent auto-exploring this place.
 F = Levels seen in this place.
 G = Mean time per level.
                   A        B        C        D        E       F      G
               +--------+--------+--------+--------+--------+-----+--------+
         Total |   2640 |   2577 |     63 |    100 |   1952 |   3 |  880.0 |
       Dungeon |   2640 |   2577 |     63 |    100 |   1952 |   3 |  880.0 |
               +--------+--------+--------+--------+--------+-----+--------+

Top non-repeatable levels by time:
     D:2: 974 daAuts
     D:3: 844 daAuts
     D:1: 821 daAuts
